TOP OF THE 1ST |
Yellowknife Claws batting - Pitching for Long Beach KO : LHP León Varela
|
Pitching: LHP León Varela
|
|
Batting: RHB Mike Morrow
|
0-0: Ball 1-0: Swinging Strike 1-1: SINGLE (Groundball, 34D)
|
Batting: RHB Preston Church
|
0-0: Grounds into double play, 6-4-3 (Groundball, 6)
|
Batting: LHB Richard Shelton
|
0-0: Ball 1-0: DOUBLE (Flyball, 8RXD)
|
Batting: RHB Tomás Díaz
|
0-0: Ground out 5-3 (Groundball, 56)
|
Top of the 1st over - 0 runs, 2 hits, 0 errors, 1 left on base; Yellowknife 0 - Long Beach 0 |
BOTTOM OF THE 1ST |
Long Beach KO batting - Pitching for Yellowknife Claws : LHP Alfredo Ruíz
|
Pitching: LHP Alfredo Ruíz
|
|
Batting: RHB Gianmaria Pianta
|
0-0: Called Strike 0-1: Called Strike 0-2: Ball 1-2: Fly out, F7 (Flyball, 7S)
|
Batting: RHB Lee Elliott
|
0-0: Fly out, F9 (Flyball, 9S)
|
Batting: RHB Bartolo Guzmán
|
0-0: Called Strike 0-1: Ball 1-1: Fly out, F7 (Flyball, 7)
|
Bottom of the 1st over - 0 runs, 0 hits, 0 errors, 0 left on base; Yellowknife 0 - Long Beach 0 |
TOP OF THE 2ND |
Yellowknife Claws batting - Pitching for Long Beach KO : LHP León Varela
|
Batting: RHB Ernesto Sánchez
|
0-0: Ball 1-0: Swinging Strike 1-1: Foul Ball, location: 2F 1-2: Ball 2-2: Fly out, F8 (Flyball, 89D)
|
Batting: LHB Mike Bowers
|
0-0: Foul Ball, location: 2F 0-1: Swinging Strike 0-2: Ball 1-2: Strikes out swinging
|
Batting: LHB Otis Campbell
|
0-0: Ball 1-0: Foul Ball, location: 2F 1-1: Ground out 4-3 (Groundball, 4S)
|
Top of the 2nd over - 0 runs, 0 hits, 0 errors, 0 left on base; Yellowknife 0 - Long Beach 0 |
BOTTOM OF THE 2ND |
Long Beach KO batting - Pitching for Yellowknife Claws : LHP Alfredo Ruíz
|
Batting: RHB Ken Jenkins
|
0-0: Ball 1-0: Called Strike 1-1: Ball 2-1: Ball 3-1: SINGLE (Line Drive, 5S)
|
Batting: LHB Roberto Flores
|
0-0: Ball 1-0: Foul Ball, location: 2F 1-1: Ball 2-1: Ball 3-1: SINGLE (Groundball, 4MD) Ken Jenkins to second
|
Batting: RHB Rodrigo Flores
|
0-0: Fly out, F8 (Flyball, 78D)
|
Batting: LHB James Navarro
|
0-0: SINGLE (Line Drive, 34) Ken Jenkins to third Roberto Flores to second
|
Batting: RHB Stanley Austin
|
0-0: Foul Ball, location: 2F 0-1: Ball 1-1: Ball 2-1: Swinging Strike 2-2: Ball 3-2: Fly out, F9 (Flyball, 89S) Runner from 3rd tags up, SCORES, throw made
|
Batting: RHB Eduardo Collazo
|
0-0: Ball 1-0: Ball 2-0: Foul Ball, location: 2F 2-1: Called Strike 2-2: Strikes out swinging
|
Bottom of the 2nd over - 1 run, 3 hits, 0 errors, 2 left on base; Yellowknife 0 - Long Beach 1 |
TOP OF THE 3RD |
Yellowknife Claws batting - Pitching for Long Beach KO : LHP León Varela
|
Batting: RHB Bartolo Luján
|
0-0: Ground out 4-3 (Groundball, 4)
|
Batting: LHB Ramón Reynoso
|
0-0: Ball 1-0: Ball 2-0: Ball 3-0: Called Strike 3-1: Base on Balls
|
Batting: RHB Mike Morrow
|
0-0: Ball 1-0: Ball 2-0: Swinging Strike 2-1: DOUBLE (Flyball, 78XD) Ramón Reynoso to third Runner from 3rd tries for Home, SAFE, no throw
|
Batting: RHB Preston Church
|
0-0: Called Strike 0-1: Ball 1-1: Ball 2-1: 2-RUN HOME RUN (Flyball, 7LD), Distance : 354 ft
|
Batting: LHB Richard Shelton
|
0-0: Ball 1-0: Ball 2-0: Ball 3-0: Swinging Strike 3-1: Foul Ball, location: 2F 3-2: Foul Ball, location: 2F 3-2: Ground out 4-3 (Groundball, 34D)
|
Batting: RHB Tomás Díaz
|
0-0: Ball 1-0: Ball 2-0: Ball 3-0: Called Strike 3-1: Called Strike 3-2: Strikes out swinging
|
Top of the 3rd over - 3 runs, 2 hits, 0 errors, 0 left on base; Yellowknife 3 - Long Beach 1 |
BOTTOM OF THE 3RD |
Long Beach KO batting - Pitching for Yellowknife Claws : LHP Alfredo Ruíz
|
Batting: RHB Gianmaria Pianta
|
0-0: Called Strike 0-1: Called Strike 0-2: Strikes out looking
|
Batting: RHB Lee Elliott
|
0-0: Ball 1-0: Called Strike 1-1: Called Strike 1-2: Foul Ball, location: 2F 1-2: Ground out 4-3 (Groundball, 4MS)
|
Batting: RHB Bartolo Guzmán
|
0-0: Ball 1-0: DOUBLE (Line Drive, 78D)
|
Batting: RHB Ken Jenkins
|
0-0: Ball 1-0: Ground out 6-3 (Groundball, 6M)
|
Bottom of the 3rd over - 0 runs, 1 hit, 0 errors, 1 left on base; Yellowknife 3 - Long Beach 1 |
TOP OF THE 4TH |
Yellowknife Claws batting - Pitching for Long Beach KO : LHP León Varela
|
Batting: RHB Ernesto Sánchez
|
0-0: Swinging Strike 0-1: Ball 1-1: Called Strike 1-2: Strikes out swinging
|
Batting: LHB Mike Bowers
|
0-0: Called Strike 0-1: Ball 1-1: Called Strike 1-2: Ball 2-2: Foul Ball, location: 2F 2-2: Ball 3-2: Strikes out swinging
|
Batting: LHB Otis Campbell
|
0-0: Called Strike 0-1: Ball 1-1: Ball 2-1: Foul Ball, location: 2F 2-2: SINGLE (Groundball, 34D)
|
Batting: RHB Bartolo Luján
|
0-0: Ball Otis Campbell is caught stealing 2nd base
|
Top of the 4th over - 0 runs, 1 hit, 0 errors, 0 left on base; Yellowknife 3 - Long Beach 1 |
BOTTOM OF THE 4TH |
Long Beach KO batting - Pitching for Yellowknife Claws : LHP Alfredo Ruíz
|
Batting: LHB Roberto Flores
|
0-0: Called Strike 0-1: Called Strike 0-2: Foul Ball, location: 2F 0-2: Ball 1-2: Ball 2-2: SOLO HOME RUN (Flyball, 9LD), Distance : 336 ft
|
Batting: RHB Rodrigo Flores
|
0-0: Called Strike 0-1: Foul Ball, location: 2F 0-2: Ball 1-2: Ball 2-2: Strikes out looking
|
Batting: LHB James Navarro
|
0-0: Ball 1-0: Swinging Strike 1-1: Ball 2-1: SINGLE (Groundball, 34D)
|
Batting: RHB Stanley Austin
|
0-0: Called Strike 0-1: Ball 1-1: Fly out, F4 (Line Drive, 4M)
|
Batting: RHB Eduardo Collazo
|
0-0: Ground out 4-3 (Groundball, 4)
|
Bottom of the 4th over - 1 run, 2 hits, 0 errors, 1 left on base; Yellowknife 3 - Long Beach 2 |
TOP OF THE 5TH |
Yellowknife Claws batting - Pitching for Long Beach KO : LHP León Varela
|
Batting: RHB Bartolo Luján
|
0-0: Foul Ball, location: 2F 0-1: Ball 1-1: SINGLE (Line Drive, 4D)
|
Batting: LHB Ramón Reynoso
|
0-0: SINGLE (Groundball, 4D) Bartolo Luján to second
|
Batting: RHB Mike Morrow
|
0-0: Called Strike 0-1: Ball 1-1: 3-RUN HOME RUN (Flyball, 89XD), Distance : 385 ft
|
Batting: RHB Preston Church
|
0-0: Ball 1-0: Ball 2-0: Ground out 6-3 (Groundball, 56)
|
Batting: LHB Richard Shelton
|
0-0: Swinging Strike 0-1: Ball 1-1: Ball 2-1: Swinging Strike 2-2: Foul Ball, location: 2F 2-2: Foul Ball, location: 2F 2-2: Strikes out looking
|
Batting: RHB Tomás Díaz
|
0-0: Foul Ball, location: 2F 0-1: Ball 1-1: Foul Ball, location: 2F 1-2: Fly out, F1 (Line Drive, 15)
|
Top of the 5th over - 3 runs, 3 hits, 0 errors, 0 left on base; Yellowknife 6 - Long Beach 2 |
BOTTOM OF THE 5TH |
Long Beach KO batting - Pitching for Yellowknife Claws : LHP Alfredo Ruíz
|
Batting: RHB Gianmaria Pianta
|
0-0: Ball 1-0: Ball 2-0: Called Strike 2-1: Fly out, F9 (Flyball, 9LD)
|
Batting: RHB Lee Elliott
|
0-0: Ground out U3 (Groundball, 34)
|
Batting: RHB Bartolo Guzmán
|
Error on foul ball, E2 0-1: Fly out, F8 (Flyball, 8LM)
|
Bottom of the 5th over - 0 runs, 0 hits, 1 error, 0 left on base; Yellowknife 6 - Long Beach 2 |
TOP OF THE 6TH |
Yellowknife Claws batting - Pitching for Long Beach KO : LHP León Varela
|
Pitching: LHP Tim Wallace
|
|
Batting: RHB Ernesto Sánchez
|
0-0: Ball 1-0: Ball 2-0: Ball 3-0: Base on Balls
|
Batting: LHB Mike Bowers
|
0-0: Called Strike 0-1: Called Strike 0-2: Ball 1-2: SINGLE (Groundball, 6MD) Ernesto Sánchez to second Runner from 2nd tries for 3rd, SAFE, no throw
|
Batting: LHB Otis Campbell
|
0-0: Called Strike 0-1: Swinging Strike 0-2: Strikes out swinging
|
Batting: RHB Bartolo Luján
|
0-0: Foul Ball, location: 2F 0-1: Called Strike 0-2: Ball 1-2: SINGLE (Groundball, 34D) Ernesto Sánchez scores Mike Bowers to second Runner from 2nd tries for 3rd, SAFE, no throw
|
Batting: LHB Ramón Reynoso
|
0-0: Called Strike 0-1: Foul Ball, location: 2F 0-2: Strikes out looking
|
Batting: RHB Mike Morrow
|
0-0: Called Strike 0-1: Swinging Strike 0-2: Strikes out swinging
|
Top of the 6th over - 1 run, 2 hits, 0 errors, 2 left on base; Yellowknife 7 - Long Beach 2 |
BOTTOM OF THE 6TH |
Long Beach KO batting - Pitching for Yellowknife Claws : LHP Alfredo Ruíz
|
Batting: RHB Ken Jenkins
|
0-0: Ball 1-0: Called Strike 1-1: Called Strike 1-2: Foul Ball, location: 2F 1-2: Strikes out swinging
|
Batting: LHB Roberto Flores
|
0-0: SOLO HOME RUN (Flyball, 89XD), Distance : 384 ft
|
Pitching: RHP Santiago Castillo
|
|
Batting: RHB Rodrigo Flores
|
0-0: Ball 1-0: Fly out, F7 (Flyball, 7D)
|
Batting: LHB James Navarro
|
0-0: Ball 1-0: Called Strike 1-1: Ball 2-1: Ball 3-1: Fly out, F8 (Line Drive, 8RM)
|
Bottom of the 6th over - 1 run, 1 hit, 0 errors, 0 left on base; Yellowknife 7 - Long Beach 3 |
TOP OF THE 7TH |
Yellowknife Claws batting - Pitching for Long Beach KO : LHP Tim Wallace
|
Batting: RHB Preston Church
|
0-0: Swinging Strike 0-1: Foul Ball, location: 2F 0-2: Foul Ball, location: 2F 0-2: Foul Ball, location: 2F 0-2: Strikes out looking
|
Batting: LHB Richard Shelton
|
0-0: Ball 1-0: SINGLE (Groundball, 34D)
|
Batting: RHB Tomás Díaz
|
0-0: Ball 1-0: Foul Ball, location: 2F 1-1: Swinging Strike 1-2: Foul Ball, location: 2F 1-2: Foul Ball, location: 2F 1-2: Ball 2-2: SINGLE (Groundball, 56D) Richard Shelton to second
|
Batting: RHB Ernesto Sánchez
|
0-0: Ball 1-0: Foul Ball, location: 2F 1-1: Fly out, F8 (Flyball, 8LM)
|
Batting: LHB Mike Bowers
|
0-0: Called Strike 0-1: Ball 1-1: Called Strike 1-2: Ball 2-2: Strikes out swinging
|
Top of the 7th over - 0 runs, 2 hits, 0 errors, 2 left on base; Yellowknife 7 - Long Beach 3 |
BOTTOM OF THE 7TH |
Long Beach KO batting - Pitching for Yellowknife Claws : RHP Santiago Castillo
|
Batting: RHB Stanley Austin
|
0-0: Ball 1-0: Swinging Strike 1-1: Swinging Strike 1-2: Foul Ball, location: 2F 1-2: Foul Ball, location: 2F 1-2: Ball 2-2: Ball 3-2: Strikes out looking
|
Batting: RHB Eduardo Collazo
|
0-0: Foul Ball, location: 2F 0-1: Fly out, F9 (Flyball, 9)
|
Batting: RHB Gianmaria Pianta
|
0-0: Called Strike 0-1: Ball 1-1: Ball 2-1: SINGLE (Groundball, 4MD)
|
Batting: RHB Lee Elliott
|
0-0: Called Strike 0-1: Fly out, F3 (Popup, 23F)
|
Bottom of the 7th over - 0 runs, 1 hit, 0 errors, 1 left on base; Yellowknife 7 - Long Beach 3 |
TOP OF THE 8TH |
Yellowknife Claws batting - Pitching for Long Beach KO : LHP Tim Wallace
|
Batting: LHB Otis Campbell
|
0-0: Ball 1-0: Foul Ball, location: 2F 1-1: Called Strike 1-2: Ground out 5-3 (Groundball, 56)
|
Batting: RHB Bartolo Luján
|
0-0: Ball 1-0: Foul Ball, location: 2F 1-1: Ground out 4-3 (Groundball, 4)
|
Batting: LHB Ramón Reynoso
|
0-0: Called Strike 0-1: Ball 1-1: Ball 2-1: Foul Ball, location: 2F 2-2: Ball 3-2: Base on Balls
|
Batting: RHB Mike Morrow
|
0-0: Ball 1-0: SINGLE (Groundball, 34S) (infield hit) Ramón Reynoso to second
|
Batting: RHB Preston Church
|
0-0: Called Strike 0-1: Ball 1-1: Ball 2-1: Called Strike 2-2: Fielders Choice at 2nd, 5-4 (Groundball, 56)
|
Top of the 8th over - 0 runs, 1 hit, 0 errors, 2 left on base; Yellowknife 7 - Long Beach 3 |
BOTTOM OF THE 8TH |
Long Beach KO batting - Pitching for Yellowknife Claws : RHP Santiago Castillo
|
Batting: RHB Bartolo Guzmán
|
0-0: DOUBLE (Line Drive, 89D)
|
Batting: RHB Ken Jenkins
|
0-0: Foul Ball, location: 2F 0-1: Swinging Strike 0-2: Ball 1-2: Strikes out swinging
|
Batting: LHB Roberto Flores
|
0-0: Ball 1-0: Ball 2-0: Ball 3-0: Called Strike 3-1: Foul Ball, location: 2F 3-2: Foul Ball, location: 2F 3-2: Foul Ball, location: 2F 3-2: Foul Ball, location: 2F 3-2: Base on Balls
|
Batting: RHB Rodrigo Flores
|
0-0: Ball 1-0: Called Strike 1-1: Swinging Strike 1-2: Strikes out swinging
|
Batting: LHB James Navarro
|
0-0: Swinging Strike 0-1: Foul Ball, location: 2F 0-2: Ball 1-2: Ball 2-2: Fly out, F3 (Line Drive, 34)
|
Bottom of the 8th over - 0 runs, 1 hit, 0 errors, 2 left on base; Yellowknife 7 - Long Beach 3 |
TOP OF THE 9TH |
Yellowknife Claws batting - Pitching for Long Beach KO : LHP Tim Wallace
|
Batting: LHB Richard Shelton
|
0-0: Called Strike 0-1: Foul Ball, location: 2F 0-2: Ball 1-2: Foul Ball, location: 2F 1-2: Ball 2-2: Fly out, F4 (Flyball, 34D)
|
Batting: RHB Tomás Díaz
|
0-0: Called Strike 0-1: Foul Ball, location: 2F 0-2: Ball 1-2: Ball 2-2: Ball 3-2: Foul Ball, location: 2F 3-2: Foul Ball, location: 2F 3-2: Foul Ball, location: 2F 3-2: Base on Balls
|
Batting: RHB Ernesto Sánchez
|
0-0: Ball 1-0: Called Strike 1-1: Ball 2-1: Called Strike 2-2: Strikes out swinging
|
Batting: LHB Mike Bowers
|
0-0: Ball 1-0: Ball Throwing error on steal attempt, E2 Tomás Díaz to third 2-0: DOUBLE (Line Drive, 9LM) Tomás Díaz scores
|
Batting: LHB Otis Campbell
|
0-0: Called Strike 0-1: Called Strike 0-2: Fly out, F9 (Flyball, 89M)
|
Top of the 9th over - 1 run, 1 hit, 1 error, 1 left on base; Yellowknife 8 - Long Beach 3 |
BOTTOM OF THE 9TH |
Long Beach KO batting - Pitching for Yellowknife Claws : RHP Santiago Castillo
|
Batting: RHB Stanley Austin
|
0-0: Called Strike 0-1: Ground out 6-3 (Groundball, 6M)
|
Batting: RHB Eduardo Collazo
|
0-0: Fly out, F8 (Line Drive, 8LD)
|
Batting: RHB Gianmaria Pianta
|
0-0: Ball 1-0: Ball 2-0: Foul Ball, location: 2F 2-1: Ball 3-1: Fly out, F9 (Flyball, 89S)
|
Bottom of the 9th over - 0 runs, 0 hits, 0 errors, 0 left on base; Yellowknife 8 - Long Beach 3 |
|